 Dungeon Crawl Stone Soup version 0.30.1 (webtiles) character file.

Game seed: 16890203457126745291

2514 H0rd4k the Cutter (level 9, -11/67 HPs)
             Began as a Human Artificer on July 7, 2023.
             Was an Initiate of Gozag.
             Mangled by a two-headed ogre
             ... wielding a +0 giant club
              (17 damage)
             ... on level 10 of the Dungeon.
             The game lasted 00:16:40 (7034 turns).

H0rd4k the Cutter (Human Artificer)                 Turns: 7034, Time: 00:16:41

Health: -11/67     AC:  7    Str: 12    XL:     9   Next: 83%
Magic:  11/11      EV: 14    Int: 21    God:    Gozag
Gold:   603        SH:  0    Dex: 17    Spells: 4/11 levels left

rFire   . . .        j - +3 short sword (vamp)
rCold   . . .        (no shield)
rNeg    . . .        b - +0 leather armour
rPois   +            y - +1 helmet
rElec   .            (no cloak)
rCorr   .            p - +0 pair of gloves
SInv    .            (no boots)
Will    .....        C - amulet of regeneration
Stlth   +++          i - ring of poison resistance
HPRegen 0.00/turn    a - +6 ring of intelligence
MPRegen 0.12/turn

%: no passive effects
@: gold aura, attractive, inhibited regen, studying Dodging, invisible
A: thin skeletal structure 1, inhibited regeneration
a: Renounce Religion, Potion Petition, Call Merchant, Bribe Branch


You were on level 10 of the Dungeon.
You worshipped Gozag.
Gozag was pleased with you.
You visited 1 branch of the dungeon, and saw 10 of its levels.

You collected 720 gold pieces.
You paid 117 gold pieces to Gozag.

Inventory:

Hand Weapons
 f - a +2 dagger of pain
 j - a +3 vampiric short sword (weapon)
Missiles
 u - 12 poisoned darts
Armour
 b - a +0 leather armour (worn)
 p - a +0 pair of gloves (worn)
 y - a +1 helmet (worn)
Magical Staves
 l - a staff of air
Jewellery
 a - a +6 ring of intelligence (right hand)
 i - a ring of poison resistance (left hand)
 C - an amulet of regeneration (around neck)
Wands
 d - a wand of flame (28) (quivered)
 r - a wand of polymorph (8)
Scrolls
 e - a scroll of poison
 q - 2 scrolls of immolation
 s - a scroll of enchant armour
 w - a scroll of vulnerability
Potions
 c - a potion of haste
 h - 2 potions of invisibility
 m - 4 potions of curing
 o - a potion of ambrosia
 D - a potion of attraction


   Skills:
 + Level 4.9 Fighting
 - Level 6.3 Short Blades
 - Level 4.7 Armour
 - Level 5.4 Dodging
 + Level 3.9 Stealth
 * Level 1.5 Spellcasting
 * Level 1.6 Translocations
 * Level 2.3 Air Magic
 * Level 0.8 Poison Magic
 + Level 5.2 Evocations


You had 4 spell levels left.
You knew the following spells:

 Your Spells              Type           Power      Damage    Failure   Level
a - Blink                 Tloc           16%        N/A       16%         2
b - Swiftness             Air            11%        N/A       22%         3
c - Poisonous Vapours     Pois/Air       16%        N/A       16%         2

Your spell library contained the following spells:

 Spells                   Type           Power      Damage    Failure   Level
 Lesser Beckoning         Tloc           16%        N/A       16%         2
 Beastly Appendage        Tmut           2%         N/A       21%         1
 Momentum Strike          Conj/Tloc      10%        3d8       22%         2
 Ensorcelled Hibernation  Hex/Ice        2%         N/A       30%         2
 Passwall                 Tmut/Erth      0%         N/A       30%         2
 Sublimation of Blood     Necr           1%         N/A       30%         2
 Wereblood                Tmut           1%         N/A       30%         2
 Gell's Gravitas          Tloc           8%         N/A       30%         3
 Teleport Other           Tloc           8%         N/A       30%         3
 Mephitic Cloud           Conj/Pois/Air  6%         N/A       36%         3
 Spider Form              Tmut/Pois      3%         N/A       45%         3
 Manifold Assault         Tloc           8%         N/A       69%         4
 Freezing Cloud           Conj/Ice/Air   2%         6-21      99%         5
 Storm Form               Tmut/Air       3%         N/A       100%        7
 Summon Hydra             Summ           0%         N/A       100%        7
 Chain Lightning          Conj/Air       3%         3d4       100%        9
 Fire Storm               Conj/Fire      0%         6d1       100%        9
 Shatter                  Erth           0%         3d5*      100%        9


Dungeon Overview and Level Annotations

Branches:
Dungeon (10/15)            Temple (0/1) D:6
   Lair: D:8-11         Orc: D:9-12

Altars:
Gozag
Kikubaaqudgha
Makhleb
Okawaru
Trog
Wu Jian
The Shining One

Shops:
D:2 :   D:8 *

Annotations:
D:2 exclusion: downstairs
D:3 exclusion: downstairs
D:7 exclusions: downstairs, steam dragon and wyvern


Innate Abilities, Weirdness & Mutations

You have a somewhat thin skeletal structure. (Dex +2, Stealth+)
You do not regenerate when monsters are visible.


Message History

The orc priest is distracted by your dazzling golden aura.
The orc priest is attracted toward you.
The orc warrior is attracted toward you.
The orc warrior is attracted toward you.
The orc priest is attracted toward you. Something is attracted toward you.
Something hits you.
* * * LOW HITPOINT WARNING * * *
Something freezes you.
* * * LOW HITPOINT WARNING * * *
A magic dart appears from out of thin air!
The magic dart hits you but does no damage.
The orc warrior shoots a bolt.
You hear a splash. x2
Reactivating autopickup.
The orc is attracted toward you.
The orc warrior is attracted toward you.
The orc priest is attracted toward you. The orc is attracted toward you.
There is a stone staircase leading down here.
The orc is attracted toward you. The wraith is attracted toward you.
The orc priest is attracted toward you.
You climb downwards.
The two-headed ogre is attracted toward you.
The yak is attracted toward you. x6
Found an escape hatch in the floor.
Found a stone staircase leading down.
There is a stone staircase leading up here.
The two-headed ogre shouts in stereo!
The yak bellows! x4
The yak is attracted toward you. x5
The two-headed ogre attacks as you move away!
The two-headed ogre barely misses you.
The two-headed ogre hits you with a +0 giant spiked club.
* * * LOW HITPOINT WARNING * * *
Found a stone staircase leading down.
The yak gores you.
* * * LOW HITPOINT WARNING * * *
The two-headed ogre is attracted toward you.
Okay, then.
You fade into invisibility!
The two-headed ogre barely misses you.
The two-headed ogre hits you with a +0 giant spiked club!
You die...
Your body crumbles into a pile of gold.

.....§...#....#
..............#..
$
.........§>......
........§.....>..
.........§.......
........Y§.......
........Y.Y......
........## .. .##
# .#


You could see a two-headed ogre (unable to see you) and 6 yaks.

Vanquished Creatures
  Pikel (D:4)
  A yak (D:9)
  A water moccasin (D:5)
  A sky beast (D:7)
  An ice beast (D:7)
  A black bear (D:7)
  4 ogres
  3 centaurs
  2 kobold brigands
  2 scorpions (D:5)
  A bullfrog (D:6)
  A wight (D:6)
  An electric eel (D:9)
  An orc priest (D:4)
  A hound (D:7)
  A sleepcap (D:5)
  2 orc wizards (D:3)
  Robin (D:3)
  9 adders
  A shadow imp (D:6)
  2 white imps
  3 ufetubi
  A dart slug (D:5)
  18 orcs
  6 ball pythons
  4 endoplasms
  5 giant cockroaches
  14 goblins
  5 hobgoblins
  4 jackals
  17 kobolds
  3 quokkas
  8 bats
  A frilled lizard (D:1)
  9 rats
136 creatures vanquished.

Vanquished Creatures (collateral kills)
  A phantom (D:6)
  Blork the orc (D:4)
  A wight (D:6)
  An orc wizard (D:4)
  A bat (D:3)
  A hobgoblin (D:3)
6 creatures vanquished.

Vanquished Creatures (others)
  An ogre (D:6)
  3 wights (D:6)
  2 hounds (D:5)
  An orc priest (D:4)
  An orc wizard (D:9)
  An orc (D:9)
9 creatures vanquished.

Grand Total: 151 creatures vanquished

Notes
Turn   | Place    | Note
-------+----------+-------------------------------------------
     0 | D:1      | H0rd4k the Human Artificer began the quest for the Orb.
     0 | D:1      | Reached XP level 1. HP: 15/15 MP: 1/1
   144 | D:1      | Reached XP level 2. HP: 16/21 MP: 2/2
   488 | D:1      | Reached XP level 3. HP: 26/26 MP: 3/3
  1144 | D:2      | Reached skill level 1 in Short Blades
  1144 | D:2      | Reached XP level 4. HP: 32/33 MP: 4/4
  1259 | D:2      | Found Hoofeowi's Book Emporium.
  1707 | D:3      | Found an ancient bone altar of Kikubaaqudgha.
  1862 | D:3      | Reached skill level 2 in Short Blades
  1871 | D:3      | Reached XP level 5. HP: 33/38 MP: 5/5
  1944 | D:3      | Found a bloodstained altar of Trog.
  2190 | D:3      | Noticed Robin
  2292 | D:3      | Killed Robin
  2397 | D:3      | Found a faded altar of an unknown god.
  2597 | D:4      | Reached XP level 6. HP: 44/44 MP: 6/6
  2633 | D:4      | Reached skill level 3 in Short Blades
  2786 | D:4      | Noticed Pikel
  3132 | D:4      | Noticed Blork the orc
  3141 | D:4      | Killed Blork the orc
  3215 | D:5      | Entered Level 5 of the Dungeon
  3437 | D:5      | Noticed a water moccasin
  3453 | D:5      | Killed a water moccasin
  3454 | D:5      | Reached XP level 7. HP: 38/51 MP: 7/7
  3476 | D:5      | Reached skill level 4 in Short Blades
  3789 | D:4      | Killed Pikel
  3790 | D:4      | Reached skill level 5 in Short Blades
  3790 | D:4      | Reached XP level 8. HP: 58/58 MP: 8/8
  4108 | D:5      | Noticed a yak
  4139 | D:5      | Noticed a yak
  4140 | D:5      | Noticed a yak
  4808 | D:6      | Found an opulent altar of Gozag.
  4808 | D:6      | Found a glowing golden altar of the Shining One.
  4809 | D:6      | Found a burning altar of Makhleb.
  4816 | D:6      | Became a worshipper of Gozag Ym Sagoz the Greedy
  4987 | D:6      | Reached XP level 9. HP: 24/65 MP: 9/9
  5028 | D:7      | Gained mutation: You have a somewhat thin skeletal
                  | structure. (Dex +2, Stealth+) [potion of mutation]
  5028 | D:7      | Gained mutation: You do not regenerate when monsters are
                  | visible. [potion of mutation]
  5129 | D:7      | Reached skill level 6 in Short Blades
  5129 | D:7      | Reached skill level 5 in Evocations
  5177 | D:7      | Reached skill level 5 in Dodging
  5492 | D:6      | Found a staircase to the Ecumenical Temple.
  5575 | D:6      | Learned a level 2 spell: Blink
  5579 | D:6      | Learned a level 3 spell: Swiftness
  5714 | D:6      | Found an iron altar of Okawaru.
  5804 | D:6      | Reached skill level 1 in Translocations
  5804 | D:6      | Reached skill level 1 in Air Magic
  5832 | D:6      | Reached skill level 1 in Spellcasting
  6272 | D:7      | Found an ornate altar of the Wu Jian Council.
  6764 | D:8      | Found Geguisho's Assorted Antiques.
  6895 | D:9      | Learned a level 2 spell: Poisonous Vapours
  7031 | D:10     | Entered Level 10 of the Dungeon
  7031 | D:10     | Noticed a two-headed ogre
  7034 | D:10     | Mangled by a two-headed ogre

Illustrated notes

Levels and vault maps discovered:
D:1:      dpeg_arrival_round_b, layout_loops_corners
D:2:      layout_loops_ring, serial_shops, shop, minmay_hexomino_f4
D:3:      layout_rooms, nicolae_kikubaaqudgha_miasma_corner, pf_just_have_faith,
          ebering_ecumenical_altar_hall, minmay_misc_feat_tower, uniq_robin
D:4:      layout_loops_ring, st_stairs_6, uniq_pikel, uniq_blork_the_orc
D:5:      layout_basic, nicolae_sextant, chequers_mini_garden,
          minmay_manual_mess
D:6:      layout_rooms, chequers_temple_overflow_statue_of_worship,
          hellmonk_okawaru_the_only_friend_you_need, minmay_temple_entry_trees,
          hangedman_abyss_or_decor_lesser_grid
D:7:      minmay_klotski, layout_basic, mainiacjoe_overflow_six_doors_small
D:8:      layout_rooms, serial_shops, nicolae_shop_waterfront, shop,
          minmay_misc_feat_alley, uniq_maggie
D:9:      layout_basic, chei_slow_surprise, lair_entry_dummy,
          hangedman_decor_clover_reticule
D:10:     layout_cross, erik_orc_2, grunt_ministairs_2, minmay_misc_feat_x,
          uniq_joseph

Skill      XL: |  1  2  3  4  5  6  7  8  9 |
---------------+----------------------------+-----
Short Blades   | 1 2 3 5 6 |  6.3
Fighting       | 2 3 4 |  4.9
Dodging        | 2 3 4 5 |  5.4
Armour         | 3 4 |  4.7
Stealth        | 2 3 |  3.9
Evocations     | 4 5 |  5.2
Translocations | 1 |  1.6
Air Magic      | 2 |  2.3
Spellcasting   | 1 |  1.5
Poison Magic   | |  0.8

Action                     |  1- 3 |  4- 6 |  7- 9 || total
---------------------------+-------+-------+-------++-------
  Melee: Dagger            |    48 |       |       ||    48
         Club              |     4 |       |       ||     4
         Short sword       |    44 |   216 |   424 ||   684
         Punch             |     2 |     2 |    10 ||    14
  Evoke: Wand              |     1 |    22 |    32 ||    55
    Use: Scroll            |       |       |    13 ||    13
         Potion            |       |       |    11 ||    11
   Stab: Sleeping          |     3 |     3 |     2 ||     8
         Distracted        |       |       |     1 ||     1
 Armour: Leather armour    |    30 |    85 |   111 ||   226
         Skin              |       |       |    35 ||    35
  Dodge: Dodged            |    63 |   131 |   251 ||   445
